cohdb
Replays
Latest Replays
All Replays
Popular Replays
Top Player Replays
Match Explorer
How It Works
Community
CoH3 Stats
Reddit
Sign in to upload your games and track your stats! →
Sign in with Steam
Match 31703338
Unlisted
Match 31703338
Overview
Messages
Build Orders
End
Engineer Squad
Construct Barracks
Selects Armored Battlegroup
Selects Veteran Crews
1⁄4-ton 4x4 Truck
Riflemen Squad
Riflemen Squad
Construct Weapon Support Center
M1919 Machine Gun Team
Infantry Support Center
Selects Fast Deploy
Construct Medical Station
M3 Armored Personnel Carrier
Selects M8 Scott SPG
Bazooka Squad
M1918 Browning Automatic Rifles
Grenade Package
Improved M9 Bazooka Rockets
Construct Motor Pool
Selects M31 Recovery Vehicle
Selects War Machine
Munitions Surplus
M1 Mortar Team
M24 Chaffee Light Tank
Riflemen Squad
M24 Chaffee Light Tank
M1 Anti-tank Gun Team
EOSFSE2
MaXiS
0
0
Comments
sign in to comment!
No comments posted yet!